 Dungeon Crawl Stone Soup version 0.22-a0-425-g89d60a1 (webtiles) character file.

198 Jahriq the Covert (level 5, -1/36 HPs)
             Began as an Octopode Assassin on May 24, 2018.
             Slain by an orc
             ... wielding a +0 club
              (2 damage)
             ... on level 3 of the Dungeon.
             The game lasted 00:12:42 (1219 turns).

Jahriq the Covert (Octopode Assassin)               Turns: 1219, Time: 00:12:42

Health: -1/36      AC:  1    Str: 15    XL:     5   Next: 77%
Magic:  5/5        EV: 13    Int: 13    God:
Gold:   68         SH:  0    Dex: 15    Spells: 4/4 levels left

rFire    . . .     SeeInvis .   a - +2 dagger
rCold    . . .     Gourm    .   (no shield)
rNeg     . . .     Faith    .   (helmet restricted)
rPois    .         Spirit   .   (no amulet)
rElec    .         Reflect  .   (no ring)
rCorr    .         Harm     .   (no ring)
MR       .....                  (no ring)
Stlth    +++++.....             (no ring)
HPRegen  0.12/turn              (no ring)
MPRegen  0.09/turn              (no ring)
                                (no ring)
                                (no ring)

@: mighty, flying, hasted, very quick
A: almost no armour, stealthy swim, amphibious, 8 rings, constrict 8, camouflage
1, gelatinous body 1
a: no special abilities


You were on level 3 of the Dungeon.
You were hungry.

You visited 1 branch of the dungeon, and saw 3 of its levels.

You collected 68 gold pieces.

Inventory:

Hand Weapons
 a - a +2 dagger (weapon)
 b - a +0 blowgun
Missiles
 c - 8 poisoned needles
 d - 2 curare-tipped needles
Jewellery
 g - an uncursed amulet of the acrobat {unknown}
Scrolls
 e - 3 scrolls of identify {unknown}
 h - 4 scrolls of teleportation {unknown}
 k - a scroll of magic mapping {unknown}
 l - a scroll of enchant armour {unknown}
 n - 2 scrolls of remove curse {unknown}
 r - a scroll of enchant weapon {unknown}
Potions
 i - 2 potions of heal wounds {unknown}
 m - a potion of might
 o - a potion of lignification {unknown}
Comestibles
 f - 5 rations


   Skills:
 + Level 2.9 Fighting
 * Level 2.8 Short Blades
 - Level 2.1 Throwing
 + Level 1.6 Dodging
 + Level 8.1 Stealth


You had 4 spell levels left.
You didn't know any spells.
Your spell library was empty.

Dungeon Overview and Level Annotations

Branches:
Dungeon (3/15)

Altars:
Trog


Innate Abilities, Weirdness & Mutations

You cannot wear most types of armour.
You are very stealthy in the water. (Stealth+)
You are amphibious.
You can wear up to eight rings at the same time.
You can use your tentacles to constrict eight enemies at once.
Your skin changes colour to match your surroundings (Stealth+).
Your rubbery body absorbs attacks. (AC +1, EV +1)


Message History

The hobgoblin hits you.
It was a potion of flight.
You feel very buoyant.
You fly up into the air.
You constrict the orc wizard. The orc hits you with a club.
* * * LOW HITPOINT WARNING * * *
The orc wizard closely misses you. The hobgoblin hits you.
* * * LOW HITPOINT WARNING * * *
It was a potion of haste.
You feel yourself speed up.
You constrict the orc wizard. The goblin hits you with a club.
* * * LOW HITPOINT WARNING * * *
The orc barely misses you.
The orc wizard hits you but does no damage.
The hobgoblin misses you.
It was a potion of might.
You feel very mighty all of a sudden.
You constrict the orc wizard. The goblin hits you with a club.
* * * LOW HITPOINT WARNING * * *
The orc hits you with a club.
You die...

#...........
#...........
#...........
#.......)...
#...........
#...........
#..gog......
#...@o......
####.####.##
#.# #.# #.#
#.# #.# #.#
#.#


You could see an orc wizard, an orc, a hobgoblin and a goblin.

Vanquished Creatures
  Sigmund (D:2)
  An orc wizard (D:3)
  An ooze (D:1)
  A worm (D:2)
  A dart slug (D:2)
  A ball python (D:1)
  2 giant cockroaches (D:1)
  2 goblins
  A hobgoblin (D:2)
  A quokka (D:2)
  5 bats
  A frilled lizard (D:2)
  6 kobolds
  2 rats
26 creatures vanquished.

Notes
Turn   | Place    | Note
-------+----------+-------------------------------------------
     0 | D:1      | Jahriq the Octopode Assassin began the quest for the Orb.
     0 | D:1      | Reached XP level 1. HP: 14/14 MP: 1/1
   107 | D:1      | Reached XP level 2. HP: 17/19 MP: 2/2
   830 | D:2      | Reached XP level 3. HP: 23/25 MP: 3/3
   854 | D:2      | Found a bloodstained altar of Trog.
   910 | D:2      | Noticed Sigmund
   911 | D:2      | Reached skill level 6 in Stealth
   922 | D:2      | Killed Sigmund
   922 | D:2      | Reached skill level 7 in Stealth
   922 | D:2      | Reached XP level 4. HP: 30/30 MP: 4/4
   922 | D:2      | Reached XP level 5. HP: 36/36 MP: 5/5
  1215 | D:3      | Reached skill level 8 in Stealth
  1219 | D:3      | HP: 1/36 [goblin/club (1)]
  1219 | D:3      | Slain by an orc

Vault maps used:
D:1:      lemuel_arrival_rhombus
D:2:      trog_three_pillars_becter, uniq_sigmund
D:3:      nicolae_ru_path_of_blood, chequers_ecumenical_altar_grove

Skill      XL: |  1  2  3  4  5 |
---------------+----------------+-----
Stealth        | 7 8 |  8.1
Fighting       | |  2.9
Short Blades   | |  2.8
Throwing       | |  2.1
Dodging        | |  1.6

Action                   |  1- 3 |  4- 6 || total
-------------------------+-------+-------++-------
Melee: Dagger            |    36 |    15 ||    51
       Constrict         |     3 |     6 ||     9
       Tentacles         |     4 |     3 ||     7
  Use: Potion            |       |     4 ||     4
 Stab: Sleeping          |     9 |       ||     9
Armor: Skin              |     3 |     1 ||     4
Dodge: Dodged            |    14 |    14 ||    28

Table legend:
 A = Spawn XP
 B = Non-spawn XP
 C = Spawn XP percentage of total XP
 D = Spawn monster count
 E = Non-spawn monster count
 F = Spawn count percentage of total count
 G = Total turns spent on level
                    A         B        C        D         E        F      G
               +---------+---------+-------+---------+---------+-------+---------
         Total |       0 |     284 |   0.0 |       0 |      26 |   0.0 |  1219
               +---------+---------+-------+---------+---------+-------+---------
           D:1 |       0 |      24 |   0.0 |       0 |      12 |   0.0 |   531
           D:2 |       0 |     220 |   0.0 |       0 |      13 |   0.0 |   629
           D:3 |       0 |      40 |   0.0 |       0 |       1 |   0.0 |    59
               +---------+---------+-------+---------+---------+-------+---------
